 Dungeon Sprint DCSS version 0.20.1-1-g8b1a95d (webtiles) character file.

3073 equalderp2856 the Severer (level 9, -6/91 HPs)
             Began as a Minotaur Fighter on Sept 4, 2017.
             Mangled by a 14-headed hydra (10 damage)
             ... in the Dungeon (Sprint IX: "|||||||||||||||||||||||||||||").
             The game lasted 00:02:48 (1174 turns).

equalderp2856 the Severer (Minotaur Fighter)        Turns: 1174, Time: 00:02:51

Health: -6/91      AC: 16    Str: 22    XL:     9   Next: 58%
Magic:  8/8        EV: 11    Int:  7    God:
Gold:   0          SH: 13    Dex: 16    Spells: 8/8 levels left

rFire    . . .     SeeInvis .   u - +3 war axe (chop)
rCold    . . .     Gourm    .   c - +0 shield
rNeg     . . .     Faith    .   r - +1 chain mail
rPois    .         Spirit   .   (helmet restricted)
rElec    .         Reflect  .   s - +0 cloak
rCorr    .         Harm     .   t - +0 pair of gloves
MR       .....     NoTele   +   (no boots)
Stlth    ..........             (no amulet)
Regen    0.3/turn               p - +3 ring of dexterity
MPRegen  0.2/turn               q - +3 ring of dexterity

@: studying Long Blades
A: retaliatory headbutt, horns 2
a: no special abilities


You were in the Dungeon.
You were very hungry.

You visited 1 branch

Inventory:

Hand Weapons
 a - a +0 war axe
 u - a +3 war axe of chopping (weapon)
Armour
 b - a +0 scale mail
 c - a +0 shield (worn)
 r - a +1 chain mail (worn)
 s - a +0 cloak (worn)
 t - a +0 pair of gloves (worn)
Jewellery
 p - a +3 ring of dexterity (left hand)
 q - a +3 ring of dexterity (right hand)
Wands
 o - a wand of acid (7/15)
Scrolls
 k - 3 scrolls of blinking
 m - 4 scrolls of remove curse
 n - 3 scrolls of amnesia
 w - 4 scrolls of enchant armour
 x - 3 scrolls of fog
Potions
 d - 2 potions of might
 e - a potion of invisibility
 g - 5 potions of heal wounds
 h - 2 potions of haste
 i - 4 potions of magic
 j - a potion of berserk rage
 l - 5 potions of curing
Books
 v - a manual of Long Blades
Comestibles
 f - a bread ration


   Skills:
 + Level 12.4 Fighting
 + Level 16.4 Axes
 + Level 11.5 Armour
 + Level 5.6 Dodging
 + Level 10.9 Shields


You had 8 spell levels left.
You didn't know any spells.

Dungeon Overview and Level Annotations

Branches:
Dungeon (1/1)

Altars:
Cheibriados
Dithmenos
Elyvilon
Fedhas
Gozag
Hepliaklqana
Kikubaaqudgha
Makhleb
Nemelex Xobeh
Okawaru
Qazlal
Ru
Sif Muna
Trog
Uskayaw
Vehumet
Xom
Yredelemnul
Zin
The Shining One
Beogh
Jiyva
Lugonu


Innate Abilities, Weirdness & Mutations

You reflexively headbutt those who attack you in melee.
You have a pair of horns on your head.


Message History

The 13-headed hydra bites you. x2
The 13-headed hydra bites you but does no damage. x3
You chop one of the 13-headed hydra's heads off!
The 12-headed hydra grows two more!
You hit the 14-headed hydra.
Your headbutt misses the 14-headed hydra.
The 14-headed hydra is heavily wounded.
The 14-headed hydra barely misses you.
You block the 14-headed hydra's attack. x2
The 14-headed hydra bites you but does no damage.
The 14-headed hydra bites you!
* * * LOW HITPOINT WARNING * * *
You block the 14-headed hydra's attack. x2; The 14-headed hydra bites you!
* * * LOW HITPOINT WARNING * * *
The 14-headed hydra bites you.
* * * LOW HITPOINT WARNING * * *
The 14-headed hydra bites you but does no damage.
The 14-headed hydra bites you.
* * * LOW HITPOINT WARNING * * *
You block the 14-headed hydra's attack. The 14-headed hydra closely misses you.
The 14-headed hydra bites you!
You die...

▓▓▓▓▓▓▓▓▓▓▓▓▓▓▓▓▓▓▓▓▓▓▓▓▓▓▓▓▓▓▓▓▓
.......'.....)..@DyFtFY...†....'.
.▓▓▓▓▓▓▓▓▓▓▓▓▓▓▓▓▓▓▓▓▓▓▓▓▓▓▓▓▓▓▓▓
.................................
▓▓▓▓▓▓▓▓▓▓▓▓▓▓▓▓▓▓▓▓▓▓▓▓▓▓▓▓▓▓▓▓▓
<..(')....).....'________________
▓▓▓▓▓▓▓▓▓▓▓▓▓▓▓▓▓▓▓▓▓▓▓▓▓▓▓▓▓▓▓▓▓


You could see a 14-headed hydra, an elephant, 2 spiny frogs, a hornet and a
crocodile.

Vanquished Creatures
  A two-headed ogre (D)
  An ugly thing (D)
  A kobold demonologist (D)
  A blink frog (D)
  A slime creature (D)
  A wyvern (D)
  A basilisk (D)
  4 water moccasins (D)
  A porcupine (D)
  2 eyes of draining (D)
  A phantom (D)
  3 crocodiles (D)
  A bullfrog (D)
  A howler monkey (D)
  A wight (D)
  An orc wizard (D)
  An adder (D)
  A shadow imp (D)
  3 orcs (D)
  A bat skeleton (D)
  A frilled lizard (D)
  2 goblins (D)
  A kobold (D)
  A rat (D)
33 creatures vanquished.

Notes
Turn   | Place    | Note
-------+----------+-------------------------------------------
     0 | D        | equalderp2856 the Minotaur Fighter began the quest for the Orb.
     0 | D        | Reached XP level 1. HP: 19/19 MP: 0/0
    20 | D        | Noticed a phantom
    32 | D        | Reached skill level 3 in Axes
    32 | D        | Reached XP level 2. HP: 20/28 MP: 1/1
    39 | D        | Reached skill level 5 in Armour
    39 | D        | Reached skill level 5 in Shields
   125 | D        | Killed a phantom
   125 | D        | Reached skill level 6 in Axes
   125 | D        | Reached skill level 1 in Dodging
   125 | D        | Reached XP level 3. HP: 10/38 MP: 2/2
   125 | D        | Reached XP level 4. HP: 12/45 MP: 3/3
   340 | D        | Found a roughly hewn altar of Beogh.
   340 | D        | Found a snail-covered altar of Cheibriados.
   340 | D        | Found a shadowy altar of Dithmenos.
   340 | D        | Found a white marble altar of Elyvilon.
   340 | D        | Found a blossoming altar of Fedhas.
   340 | D        | Found an opulent altar of Gozag.
   341 | D        | Found a hazy altar of Hepliaklqana.
   342 | D        | Found a viscous altar of Jiyva.
   343 | D        | Found an ancient bone altar of Kikubaaqudgha.
   344 | D        | Found a corrupted altar of Lugonu.
   345 | D        | Found a burning altar of Makhleb.
   346 | D        | Found a sparkling altar of Nemelex Xobeh.
   347 | D        | Found an iron altar of Okawaru.
   348 | D        | Found a stormy altar of Qazlal.
   349 | D        | Found a sacrificial altar of Ru.
   350 | D        | Found a deep blue altar of Sif Muna.
   351 | D        | Found a bloodstained altar of Trog.
   352 | D        | Found a hide-covered altar of Uskayaw.
   353 | D        | Found a radiant altar of Vehumet.
   355 | D        | Found a shimmering altar of Xom.
   356 | D        | Found a basalt altar of Yredelemnul.
   357 | D        | Found a glowing silver altar of Zin.
   358 | D        | Found a glowing golden altar of the Shining One.
   427 | D        | Noticed a two-headed ogre
   427 | D        | Noticed an eye of draining
   432 | D        | Killed a two-headed ogre
   432 | D        | Reached skill level 11 in Axes
   432 | D        | Reached XP level 5. HP: 15/57 MP: 0/4
   432 | D        | Reached XP level 6. HP: 17/64 MP: 0/5
   432 | D        | Reached XP level 7. HP: 19/70 MP: 0/6
   506 | D        | Reached skill level 12 in Axes
   529 | D        | Reached skill level 10 in Fighting
   671 | D        | Noticed a purple ugly thing
   671 | D        | Noticed a wyvern
   671 | D        | Noticed a kobold demonologist
   671 | D        | Noticed a slime creature
   674 | D        | Reached skill level 10 in Shields
   679 | D        | Killed a purple ugly thing
   679 | D        | Reached skill level 13 in Axes
   679 | D        | Reached skill level 10 in Armour
   679 | D        | Reached XP level 8. HP: 65/81 MP: 0/7
   681 | D        | Noticed a sixfirhy
   683 | D        | Reached skill level 5 in Dodging
   686 | D        | Noticed a sun demon
   688 | D        | Killed a kobold demonologist
   688 | D        | Reached skill level 14 in Axes
   755 | D        | Killed a slime creature
   755 | D        | Reached XP level 9. HP: 41/89 MP: 8/8
  1115 | D        | Reached skill level 15 in Axes
  1130 | D        | Reached skill level 16 in Axes
  1143 | D        | Noticed a spiny frog
  1143 | D        | Noticed a spiny frog
  1144 | D        | Noticed an eight-headed hydra
  1146 | D        | Noticed an elephant
  1174 | D        | HP: 4/91 [14-headed hydra (4)]
  1174 | D        | Mangled by a 14-headed hydra

Skill      XL: |  1  2  3  4  5  6  7  8  9 |
---------------+----------------------------+-----
Armour         | 4 6 9 10 11 | 11.5
Shields        | 4 6 9 10 | 10.9
Fighting       | 4 6 9 10 11 12 | 12.4
Axes           | 3 6 11 13 14 16 | 16.4
Dodging        | 1 4 5 |  5.6

Action                   |  1- 3 |  4- 6 |  7- 9 || total
-------------------------+-------+-------+-------++-------
Melee: War axe           |    52 |     5 |    74 ||   131
       Headbutt          |     3 |     1 |    18 ||    22
  Use: Potion            |     1 |       |     1 ||     2
Armor: Scale mail        |    22 |       |       ||    22
       Chain mail        |       |     1 |    21 ||    22
Dodge: Dodged            |    15 |     1 |    19 ||    35
Block: Shield            |    21 |     4 |    35 ||    60
